 Dungeon Crawl Stone Soup version 0.28-a0-697-g47f3eba078 (webtiles) character file.

Game seed: 10279871080234094687

269 bande the Covered (level 6, 0/38 HPs)
             Began as a Gargoyle Fighter on Oct 24, 2021.
             Slain by a killer bee (2 damage)
             ... on level 3 of the Dungeon.
             The game lasted 00:05:12 (3463 turns).

bande the Covered (Gargoyle Fighter)                Turns: 3463, Time: 00:05:13

Health: 0/38       AC: 11    Str: 18 (20) XL:     6   Next: 22%
Magic:  6/6        EV:  9    Int: 11      God:
Gold:   146        SH:  4    Dex: 11 (12) Spells: 5/5 levels left

rFire   . . .      SeeInvis .   a - +0 war axe
rCold   . . .      Faith    .   c - +0 buckler
rNeg    + . .      Spirit   .   b - +0 scale mail
rPois   ∞          Reflect  .   (no helmet)
rElec   +          Harm     .   (no cloak)
rCorr   .          Rampage  .   (no gloves)
Will    .....                   (no boots)
Stlth   +.........              (no amulet)
HPRegen 0.12/turn               (no ring)
MPRegen 0.10/turn               (no ring)

@: no status effects
A: sickness immunity, AC +4, negative energy resistance 1, electricity
resistance, torment resistance 1, petrification resistance, camouflage 1, agile
1, clever 1, deterioration 1
a: no special abilities


You were on level 3 of the Dungeon.
You visited 1 branch of the dungeon, and saw 4 of its levels.

You collected 146 gold pieces.

Inventory:

Hand Weapons
 a - a +0 war axe (weapon)
 o - a +0 morningstar
Armour
 b - a +0 scale mail (worn)
 c - a +0 buckler (worn)
Wands
 n - a wand of charming (2)
Scrolls
 l - a scroll of teleportation
Potions
 f - a potion of invisibility {unknown}
 g - a potion of resistance {unknown}
 i - a potion of brilliance {unknown}
 j - a potion of attraction {unknown}
 m - a potion of magic {unknown}


   Skills:
 + Level 4.2 Fighting
 + Level 4.1 Axes
 + Level 4.6 Armour
 + Level 3.9 Shields


You had 5 spell levels left.
You didn't know any spells.
Your spell library contained the following spells:

 Spells                   Type           Power      Damage    Failure   Level
 Ozocubu's Armour         Ice            0%         N/A       97%         3
 Ozocubu's Refrigeration  Ice            0%         4d5       100%        7


Dungeon Overview and Level Annotations

Branches:
Dungeon (4/15)
 Temple: D:4-7

Altars:
Cheibriados
Hepliaklqana
Trog


Innate Abilities, Weirdness & Mutations

You are immune to sickness and miasma.
Your stone body is resilient. (AC +4)
You are immune to poison.
You resist negative energy. (rN+)
You are resistant to electric shocks. (rElec)
You are resistant to unholy torment.
You are immune to petrification.
Your skin changes colour to match your surroundings (Stealth+).
You are agile. (Dex +2)
Your mind is acute. (Int +2)
Your body sometimes deteriorates upon taking damage.


Message History

* * * LOW HITPOINT WARNING * * *
Your body deteriorates!
You feel weakened.
Unknown command.
You feel much better.
The killer bee stings you but does no damage.
The killer bee closely misses you. You block the killer bee's attack.
The killer bee stings you but does no damage. x2
The killer bee stings you!
Your body deteriorates!
You feel clumsy.
Unknown command.
You closely miss the killer bee.
The killer bee is severely wounded.
You miss the killer bee. x2
The killer bee stings you but does no damage. x3
The killer bee stings you. x2; The killer bee barely misses you. x2
Unknown command.
You closely miss the killer bee.
The killer bee is severely wounded.
Your scale mail prevents you from hitting the killer bee.
You closely miss the killer bee. The killer bee stings you!
* * * LOW HITPOINT WARNING * * *
The killer bee stings you.
* * * LOW HITPOINT WARNING * * *
You block the killer bee's attack.
The killer bee stings you but does no damage.
The killer bee barely misses you.
The killer bee stings you but does no damage.
The killer bee stings you.
* * * LOW HITPOINT WARNING * * *
The killer bee stings you.
* * * LOW HITPOINT WARNING * * *
You miss the killer bee.
The killer bee is severely wounded.
You miss the killer bee. x2; The killer bee closely misses you. x2
The killer bee stings you but does no damage.
The killer bee stings you.
* * * LOW HITPOINT WARNING * * *
The killer bee closely misses you. The killer bee barely misses you.
The killer bee stings you.
You die...

#.#.## ##.......## #....##. #..##
##.....## #.#####. ##.# ##...##
#.#####. #.# ##'## #....... ###.#
#.# #.###### ##...## ######.###
#.# #.§...# #........# #.#
#§§§§.# #.###y...# #.# ##§§§##
#.##@y...# #.# #§§§#
#.###y...#####'#
#§§§#####.#....#.#P....#
#§§§#......#.....#.###8#
#§§§#####.#.##.#.#)#P..# #§§§#
#.####.#.#.#.#.##
#####§§§#####........#.'.#..##
#..§§§§§§§..######.#######._.####
#._.§§#§§§_.# #.# ##..#.'.


You could see 3 killer bees.

Vanquished Creatures
  An ogre (D:3)
  A kobold brigand (D:3)
  2 adders (D:2)
  3 worms (D:3)
  3 dart slugs
  10 orcs (D:3)
  8 endoplasms
  4 giant cockroaches
  10 hobgoblins
  A jackal (D:1)
  2 quokkas
  11 ball pythons
  5 bats
  5 frilled lizards
  3 goblins
  6 kobolds
  7 rats
82 creatures vanquished.

Notes
Turn   | Place    | Note
-------+----------+-------------------------------------------
     0 | D:1      | bande the Gargoyle Fighter began the quest for the Orb.
     0 | D:1      | Reached XP level 1. HP: 14/14 MP: 1/1
   125 | D:1      | Reached XP level 2. HP: 12/19 MP: 2/2
   562 | D:1      | Reached XP level 3. HP: 22/24 MP: 3/3
   976 | D:2      | Gained mutation: Your skin changes colour to match your
                  | surroundings (Stealth+). [potion of mutation]
   976 | D:2      | Gained mutation: Your mind is acute. (Int +2) [potion of
                  | mutation]
   976 | D:2      | Gained mutation: Your body sometimes deteriorates upon
                  | taking damage. [potion of mutation]
   976 | D:2      | Gained mutation: You are agile. (Dex +2) [potion of
                  | mutation]
  1260 | D:2      | Reached XP level 4. HP: 29/29 MP: 4/4
  2446 | D:3      | Noticed a kobold brigand
  2449 | D:3      | Found a hazy altar of Hepliaklqana.
  2451 | D:3      | Found a faded altar of an unknown god.
  2472 | D:3      | Killed a kobold brigand
  2473 | D:3      | Reached XP level 5. HP: 18/33 MP: 5/5
  2834 | D:3      | Found a faded altar of an unknown god.
  2955 | D:3      | Found a bloodstained altar of Trog.
  2955 | D:3      | Found a snail-covered altar of Cheibriados.
  3063 | D:3      | Noticed an ogre
  3070 | D:3      | Killed an ogre
  3071 | D:3      | Reached XP level 6. HP: 13/38 MP: 6/6
  3459 | D:3      | HP: 1/38 [killer bee (5)]
  3463 | D:3      | Slain by a killer bee

Illustrated notes

Levels and vault maps discovered:
D:1:      dpeg_arrival_pond, layout_loops_cross, st_stairs_11, minmay_3d_cube
D:2:      layout_basic, kennysheep_generic_room_7
D:3:      minmay_diamond_boxcup, layout_loops_corners,
          beargit_hepliaklqana_dungeon_heroes,
          gammafunk_temple_overflow_elements, shapermc_ecumenical_altar_ellora
D:4:      layout_loops_ring

Skill      XL: |  1  2  3  4  5 |
---------------+----------------+-----
Axes           | 2 3 4 |  4.1
Armour         | 4 |  4.6
Fighting       | 4 |  4.2
Shields        | |  3.9

Action                   |  1- 3 |  4- 6 || total
-------------------------+-------+-------++-------
Melee: War axe           |    92 |   149 ||   241
  Use: Scroll            |     4 |     4 ||     8
       Potion            |     1 |     3 ||     4
Armor: Scale mail        |    47 |    87 ||   134
Dodge: Dodged            |    55 |    92 ||   147
Block: Buckler           |    15 |    42 ||    57

Table legend: (Time is in decaauts)
 A = Elapsed time spent in this place.
 B = Non-inter-level travel time spent in this place.
 C = Inter-level travel time spent in this place.
 D = Time resting spent in this place.
 E = Time spent auto-exploring this place.
 F = Levels seen in this place.
 G = Mean time per level.
                   A        B        C        D        E       F      G
               +--------+--------+--------+--------+--------+-----+--------+
         Total |   3551 |   3457 |     94 |    280 |   2523 |   4 |  887.8 |
       Dungeon |   3551 |   3457 |     94 |    280 |   2523 |   4 |  887.8 |
               +--------+--------+--------+--------+--------+-----+--------+

Top non-repeatable levels by time:
     D:3: 1703 daAuts
     D:1: 1001 daAuts
     D:2: 820 daAuts
     D:4: 26 daAuts
